AoeStats
← Metal

Arabia

510216974Analyzed
2v2 RM · 2d ago on Sep 30, 2026· 36m 45s· 4 players
Game mode
Random Map
Map size
Medium (4 player)
Population
200
Speed
Normal
Resources
Standard
Victory
Conquest
Starting age
Dark Age
Ending age
Imperial Age
RankedLock teamsTeams togetherTeam positionsShared explorationLock speedFull tech treeHidden civsTurbo modeCheats
Victory
Defeat
🇨🇱 Mongols · Chile
882
+15
🇨🇱 Franks · Chile
864
+16
🇦🇷 Turks · Argentina
883
-16
🇦🇷 Maya · Argentina
846
-15
Metal
2:41 Loom
11:39 Feudal Age
15:23 Bloodlines
16:38 Scale Barding Armor
21:19 Castle Age
20:02 Double-Bit Axe
20:28 Gold Mining
20:20 Horse Collar
22:50 Wheelbarrow
22:09 Fletching
BeRnY
3:20 Loom
10:42 Feudal Age
16:37 Forging
23:13 Castle Age
21:38 Double-Bit Axe
22:24 Gold Mining
22:29 Stone Mining
22:23 Horse Collar
23:17 Fletching
25:02 Squires
24:49 Arson
25:13 Town Watch
27:03 Padded Archer Armor
32:20 Hul'che Javelineers
35:19 Pikeman
Enri
11:35 Feudal Age
13:16 Double-Bit Axe
13:25 Stone Mining
15:19 Loom
19:30 Castle Age
20:37 Squires
34:53 Forging
34:50 Scale Barding Armor
35:14 Husbandry
Dani
12:13 Feudal Age
10:29 Loom
12:41 Double-Bit Axe
13:05 Horse Collar
17:42 Castle Age
26:05 Bow Saw
30:47 Wheelbarrow
31:26 Scale Barding Armor
31:22 Padded Archer Armor
31:12 Fletching
Connection lost

Rejoining the realm…

Still unreachable

The connection could not be restored.

Session expired

The server has moved on; the page needs a fresh start.